AoeStats
← Gorlami

Lombardia

508053581Analyzed
4v4 RM · 10d ago on Sep 20, 2026· 74m 46s· 8 players
Game mode
Random Map
Map size
Large (8 player)
Population
200
Speed
Normal
Resources
Standard
Victory
Conquest
Starting age
Dark Age
Ending age
Imperial Age
RankedLock teamsTeams togetherTeam positionsShared explorationLock speedFull tech treeHidden civsTurbo modeCheats
Victory
Defeat
🇦🇷 Malay · Argentina
1762
+13
🇦🇷 Vietnamese · Argentina
1711
+15
🇦🇷 Spanish · Argentina
1695
+16
🇦🇷 Bulgarians · Argentina
1630
+19
🇦🇷 Gurjaras · Argentina
1717
-17
🇦🇷 Goths · Argentina
1694
-16
🇦🇷 Mapuche · Argentina
1677
-15
🇦🇷 Britons · Argentina
1671
-15
[Ne0] Nicolas del Caño
10:28 Feudal Age
14:26 Castle Age
12:16 Loom
12:38 Double-Bit Axe
12:33 Horse Collar
16:52 Wheelbarrow
18:06 Bow Saw
21:42 Heavy Plow
22:12 Stone Mining
25:32 Gold Mining
26:59 Hand Cart
27:26 Stone Shaft Mining
30:31 Imperial Age
28:37 Anarchy
29:27 Scale Mail Armor
29:37 Forging
29:29 Squires
30:24 Chain Mail Armor
30:47 Elite Huskarl
31:48 Conscription
31:44 Perfusion
32:32 Iron Casting
34:22 Pikeman
36:03 Blast Furnace
35:12 Halberdier
38:05 Caravan
38:16 Guilds
38:36 Coinage
38:10 Fletching
38:42 Ballistics
38:32 Masonry
39:22 Chemistry
42:11 Architecture
43:11 Coinage
43:11 Bodkin Arrow
44:44 Two-Man Saw
44:32 Banking
56:35 Capped Ram
58:34 Bracer
[Ne0] Javier Milei
11:16 Feudal Age
14:48 Castle Age
13:34 Fletching
15:24 Double-Bit Axe
15:26 Horse Collar
16:50 Gold Mining
21:15 Loom
22:16 Bodkin Arrow
25:43 Ballistics
26:10 Padded Archer Armor
28:38 Wheelbarrow
30:51 Malon
32:22 Heavy Plow
35:25 Imperial Age
36:18 Elite Bolas Rider
39:21 Chemistry
39:59 Butalmapu
39:52 Town Watch
45:27 Caravan
49:14 Conscription
51:49 Leather Archer Armor
52:11 Bow Saw
52:33 Crop Rotation
54:32 Hand Cart
54:53 Gold Shaft Mining
68:46 Ring Archer Armor
69:05 Elite Kona
69:57 Forging
[Ne0] Carlos Menem
8:41 Loom
10:47 Feudal Age
11:27 Double-Bit Axe
17:41 Castle Age
15:49 Horse Collar
18:49 Fletching
19:32 Bow Saw
19:29 Bodkin Arrow
23:54 Ballistics
27:14 Padded Archer Armor
30:19 Wheelbarrow
36:26 Imperial Age
36:17 Yeomen
37:07 Bracer
38:23 Conscription
37:57 Gold Mining
38:40 Hand Cart
40:56 Chemistry
40:46 Fortified Wall
40:48 Masonry
41:32 Leather Archer Armor
41:33 Caravan
42:29 Elite Longbowman
43:13 Town Watch
47:54 Murder Holes
48:30 Architecture
49:02 Crossbowman
54:39 Elite Skirmisher
57:06 Ring Archer Armor
62:52 Arbalester
65:14 Two-Man Saw
64:14 Heavy Plow
[Ne0] Fidel Castro
3:03 Loom
6:59 Loom
9:06 Feudal Age
9:54 Double-Bit Axe
15:46 Horse Collar
20:55 Castle Age
19:07 Gold Mining
21:36 Scale Barding Armor
22:12 Bloodlines
22:03 Husbandry
21:29 Light Cavalry
22:27 Forging
24:07 Wheelbarrow
24:28 Husbandry
24:50 Chain Barding Armor
24:42 Bow Saw
25:01 Heavy Plow
28:04 Hand Cart
28:48 Caravan
29:12 Town Watch
30:19 Iron Casting
31:31 Fletching
36:10 Imperial Age
35:12 Kshatriyas
36:24 Heavy Camel Rider
37:40 Plate Barding Armor
38:01 Crop Rotation
38:54 Conscription
39:28 Frontier Guards
39:26 Stone Mining
40:13 Gold Shaft Mining
39:57 Elite Shrivamsha Rider
41:39 Masonry
41:10 Treadmill Crane
41:40 Fortified Wall
46:06 Chemistry
46:41 Architecture
52:10 Stone Shaft Mining
58:49 Siege Elephant
60:37 Light Cavalry
62:06 Hussar
62:19 Hussar
63:15 Bodkin Arrow
66:27 Coinage
72:25 Hoardings
Kant be real
6:41 Loom
9:07 Feudal Age
9:45 Double-Bit Axe
20:42 Castle Age
20:16 Scale Barding Armor
20:05 Gold Mining
20:54 Bloodlines
20:38 Horse Collar
21:12 Forging
21:49 Bow Saw
21:59 Husbandry
31:54 Wheelbarrow
32:37 Chain Barding Armor
36:33 Caravan
37:23 Heavy Plow
41:43 Imperial Age
39:29 Hand Cart
39:52 Iron Casting
39:28 Pikeman
40:09 Squires
40:46 Ballistics
42:07 Heavy Scorpion
43:49 Chemistry
42:22 Halberdier
44:36 Conscription
44:55 Siege Engineers
53:53 Scale Mail Armor
54:54 Blast Furnace
56:24 Gambesons
58:02 Capped Ram
58:54 Siege Ram
64:43 Chain Mail Armor
B.R Matias
11:01 Feudal Age
14:41 Castle Age
12:55 Double-Bit Axe
14:37 Horse Collar
16:56 Loom
20:59 Bow Saw
26:25 Wheelbarrow
27:06 Husbandry
30:58 Hand Cart
30:45 Heavy Plow
34:17 Caravan
34:31 Bloodlines
34:27 Scale Barding Armor
34:33 Forging
35:03 Fortified Wall
37:49 Imperial Age
36:05 Chain Barding Armor
38:08 Iron Casting
39:14 Plate Barding Armor
38:00 Cavalier
39:08 Light Cavalry
40:50 Blast Furnace
41:02 Fletching
41:12 Padded Archer Armor
42:07 Conscription
43:20 Elite Skirmisher
43:56 Bodkin Arrow
43:49 Capped Ram
44:14 Paladin
44:57 Siege Ram
47:13 Bracer
47:28 Leather Archer Armor
46:40 Imperial Skirmisher
47:25 Thumb Ring
51:27 Ring Archer Armor
51:23 Ballistics
53:14 Chemistry
52:25 Masonry
54:07 Man-at-Arms
54:33 Gambesons
54:48 Squires
54:49 Scale Mail Armor
55:15 Long Swordsman
56:15 Chain Mail Armor
57:10 Arrowslits
57:47 Two-Handed Swordsman
58:12 Arson
58:58 Plate Mail Armor
58:32 Hussar
60:10 Champion
61:02 Pikeman
67:02 Halberdier
Lic. VELEZ Y VINO
11:09 Feudal Age
15:02 Castle Age
13:04 Double-Bit Axe
13:50 Horse Collar
16:03 Bow Saw
21:48 Wheelbarrow
22:16 Fletching
22:19 Loom
23:19 Bodkin Arrow
23:20 Gold Mining
24:56 Ballistics
25:28 Padded Archer Armor
25:47 Hand Cart
26:57 Leather Archer Armor
26:59 Heavy Plow
26:50 Stone Mining
31:22 Imperial Age
31:17 Thumb Ring
32:00 Elite Rattan Archer
32:41 Bracer
33:46 Chemistry
33:17 Paper Money
34:25 Ring Archer Armor
36:30 Caravan
39:42 Coinage
40:14 Crop Rotation
43:30 Hoardings
51:23 Siege Engineers
59:51 Bloodlines
59:41 Husbandry
59:02 Elite Battle Elephant
60:12 Scale Barding Armor
60:18 Forging
60:09 Chatras
61:08 Chain Barding Armor
61:50 Iron Casting
62:03 Plate Barding Armor
68:51 Capped Ram
75:17 Banking
Gorlami
7:51 Loom
10:04 Feudal Age
9:55 Double-Bit Axe
9:51 Horse Collar
16:54 Castle Age
17:01 Bow Saw
20:40 Wheelbarrow
27:51 Hand Cart
28:55 Heavy Plow
32:01 Imperial Age
29:47 Husbandry
29:54 Scale Barding Armor
30:19 Forging
31:01 Elite Battle Elephant
33:37 Iron Casting
35:38 Blast Furnace
35:44 Caravan
37:03 Coinage
36:28 Capped Ram
39:08 Chemistry
39:46 Banking
39:27 Guilds
40:20 Bombard Tower
41:46 Conscription
53:36 Heavy Scorpion
54:22 Siege Engineers
55:15 Fletching
55:49 Ballistics
56:34 Bodkin Arrow
57:24 Masonry
57:19 Bracer
66:20 Treadmill Crane
66:36 Murder Holes
69:43 Crop Rotation
Connection lost

Rejoining the realm…

Still unreachable

The connection could not be restored.

Session expired

The server has moved on; the page needs a fresh start.